 Dungeon Crawl Stone Soup version 0.30.1-11-g7821555f0a (webtiles) character file.

Game seed: 2914221735148851995

73 ChrisAssaf the Grave Robber (level 4, -1/34 HPs)
             Began as a Draconian Necromancer on Dec 17, 2023.
             Slain by Pikel
             ... wielding a +2 whip of flaming
              (9 damage)
             ... on level 4 of the Dungeon.
             The game lasted 00:08:30 (2531 turns).

ChrisAssaf the Grave Robber (Draconian Necromancer) Turns: 2531, Time: 00:08:31

Health: -1/34      AC:  5    Str: 11    XL:     4   Next: 8%
Magic:  7/7        EV: 12    Int: 17    God:
Gold:   246        SH:  0    Dex: 11    Spells: 0/7 levels left

rFire   . . .        c - +2 quarterstaff
rCold   . . .        (shield currently unavailable)
rNeg    . . .        (body armour unavailable)
rPois   .            (helmet restricted)
rElec   .            (no cloak)
rCorr   .            (no gloves)
SInv    .            (no boots)
Will    .....        e - amulet of the acrobat
Stlth   ++           (no ring)
HPRegen 0.25/turn    (no ring)
MPRegen 0.10/turn

%: acrobat
@: no status effects
A: AC +5, unfitting armour, cold-blooded
a: no special abilities


You were on level 4 of the Dungeon.
You visited 1 branch of the dungeon, and saw 4 of its levels.

You collected 246 gold pieces.

Inventory:

Hand Weapons
 c - a +2 quarterstaff (weapon)
Jewellery
 e - an amulet of the acrobat (around neck)
Scrolls
 b - 2 scrolls of teleportation
 g - a scroll of poison
Potions
 a - a potion of magic
 f - a potion of brilliance {unknown}
 h - a potion of haste {unknown}
 i - a potion of mutation {unknown}
 j - a potion of invisibility {unknown}
 k - 2 potions of resistance
 l - 3 potions of cancellation {unknown}
 n - a potion of flight {unknown}
 o - a potion of ambrosia {unknown}


   Skills:
 * Level 0.9 Fighting
 * Level 1.5 Staves
 * Level 2.1 Dodging
 * Level 2.1 Stealth
 * Level 2.4 Spellcasting
 * Level 4.5 Necromancy


You couldn't memorise any spells.
You knew the following spells:

 Your Spells              Type           Power      Damage    Failure   Level
a - Necrotise             Necr           68%        1d7       2%          1
b - Vampiric Draining     Necr           17%        2d7       9%          3
c - Tukima's Dance        Hex            2%         N/A       47%         3

Your spell library contained the following spells:

 Spells                   Type           Power      Damage    Failure   Level
 Apportation              Tloc           4%         N/A       19%         1
 Summon Small Mammal      Summ           8%         N/A       19%         1
 Ensorcelled Hibernation  Hex/Ice        4%         N/A       28%         2
 Passwall                 Tmut/Erth      1%         N/A       28%         2
 Poisonous Vapours        Pois/Air       4%         N/A       28%         2
 Animate Dead             Necr           17%        N/A       28%         4
 Mephitic Cloud           Conj/Pois/Air  2%         N/A       50%         3
 Portal Projectile        Hex/Tloc       4%         N/A       50%         3
 Swiftness                Air            2%         N/A       50%         3
 Agony                    Necr           17%        N/A       61%         5
 Blade Hands              Tmut           1%         N/A       99%         5
 Freezing Cloud           Conj/Ice/Air   1%         6-21      99%         5


Dungeon Overview and Level Annotations

Branches:
Dungeon (4/15)
 Temple: D:4-7

Altars:
Trog
Zin

Shops:
D:2 *   D:3 =

Annotations:
D:4 Pikel


Innate Abilities, Weirdness & Mutations

Your plain brown scales are hard. (AC +5)
You cannot fit into any form of body armour.
You are cold-blooded and may be slowed by cold attacks.


Message History

Unknown command.
Casting: Vampiric Draining (dangerous; 9% risk of failure)
Confirm with . or Enter, or press ? or * to list all spells.
Aiming: Vampiric Draining (dangerous; 9% risk of failure)
Press: ? - help, Shift-Dir - straight line, f/p - Pikel
Aim: Pikel, wielding a +2 whip of flaming and wearing a +0 robe (moderately wounded)
You draw life force from Pikel!
You feel life coursing into your body. Pikel misses you.
Unknown command.
Magic courses through your body.
Pikel hits you with a +2 whip of flaming.
Pikel burns you.
Casting: Vampiric Draining (dangerous; 9% risk of failure)
Confirm with . or Enter, or press ? or * to list all spells.
Aiming: Vampiric Draining (dangerous; 9% risk of failure)
Press: ? - help, Shift-Dir - straight line, f/p - Pikel
Aim: Pikel, wielding a +2 whip of flaming and wearing a +0 robe (heavily wounded)
You draw life force from Pikel.
You feel life coursing into your body.
Pikel hits you with a +2 whip of flaming!
Pikel burns you.
Casting: Vampiric Draining (dangerous; 9% risk of failure)
Confirm with . or Enter, or press ? or * to list all spells.
Aiming: Vampiric Draining (dangerous; 9% risk of failure)
Press: ? - help, Shift-Dir - straight line, f/p - Pikel
Aim: Pikel, wielding a +2 whip of flaming and wearing a +0 robe (heavily wounded)
You draw life force from Pikel!
You feel life coursing into your body. Pikel closely misses you.
Unknown command.
Casting: Vampiric Draining (dangerous; 9% risk of failure)
Confirm with . or Enter, or press ? or * to list all spells.
Aiming: Necrotise (safe; 2% risk of failure)
Press: ? - help, Shift-Dir - straight line, f/p - Pikel
Aim: Pikel, wielding a +2 whip of flaming and wearing a +0 robe (almost dead, chance to affect: 75%) Pikel writhes in agony.
Pikel hits you with a +2 whip of flaming!
Pikel burns you.
* * * LOW HITPOINT WARNING * * *
Magic courses through your body.
Pikel hits you with a +2 whip of flaming!
You die...

.#
#........####
##
#.......§☼..#
#########§###
#§# #§5
####§§######+#
§○§§○55§§☼○§§
§§§☼§5K§§☼#
§§○§§§§@§§#
§☼§§§§§§☼○#
§§§######## #


You could see Pikel and 4 lemures.

Vanquished Creatures
  An adder (D:3)
  A worm (D:3)
  5 orcs (D:3)
  3 endoplasms
  A giant cockroach (D:1)
  9 goblins
  7 hobgoblins
  2 jackals (D:3)
  A quokka (D:3)
  2 ball pythons
  5 bats
  2 frilled lizards
  4 kobolds
  6 rats
49 creatures vanquished.

Vanquished Creatures (collateral kills)
  A goblin (D:1)
  A jackal (D:3)
2 creatures vanquished.

Grand Total: 51 creatures vanquished

Notes
Turn   | Place    | Note
-------+----------+-------------------------------------------
     0 | D:1      | ChrisAssaf the Draconian Necromancer began the quest for
                  | the Orb.
     0 | D:1      | Reached XP level 1. HP: 14/14 MP: 3/3
   371 | D:1      | Reached XP level 2. HP: 20/20 MP: 5/5
   493 | D:2      | Found Sysuoryw's Assorted Antiques.
  1412 | D:1      | Reached XP level 3. HP: 27/27 MP: 6/6
  1420 | D:1      | Learned a level 3 spell: Vampiric Draining
  1584 | D:3      | Reached skill level 1 in Staves
  2115 | D:3      | Found Cohucs's Jewellery Shop.
  2166 | D:3      | Reached XP level 4. HP: 31/34 MP: 0/7
  2233 | D:4      | Learned a level 3 spell: Tukima's Dance
  2351 | D:4      | Found a glowing silver altar of Zin.
  2351 | D:4      | Found a bloodstained altar of Trog.
  2521 | D:4      | Noticed Pikel
  2521 | D:4      | Noticed a lemure
  2521 | D:4      | Noticed a lemure
  2522 | D:4      | Noticed a lemure
  2522 | D:4      | Noticed a lemure
  2531 | D:4      | Slain by Pikel

Illustrated notes

Levels and vault maps discovered:
D:1:      amcnicky_arrival_choice, layout_loops_cross
D:2:      layout_loops_ring, serial_shops, shop, kennysheep_cross_bottleneck
D:3:      layout_basic, serial_shops, shop, nicolae_diamond_shop, uniq_terence,
          uniq_robin
D:4:      layout_basic, gammafunk_temple_overflow_statue, gup_sewer_entry_bowl,
          chequers_serial_rivers_room_a, uniq_pikel

Skill      XL: |  1  2  3 |
---------------+----------+-----
Stealth        | 2 |  2.1
Dodging        | 2 |  2.1
Staves         | 1 |  1.5
Fighting       | |  0.9
Spellcasting   | |  2.4
Necromancy     | |  4.5

Action                     |  1- 3 |  4- 6 || total
---------------------------+-------+-------++-------
  Melee: Quarterstaff      |    69 |     2 ||    71
         Tailslap          |     7 |     1 ||     8
   Cast: Necrotise         |    24 |     1 ||    25
         Vampiric Draining |     5 |     6 ||    11
    Use: Scroll            |     4 |     8 ||    12
         Potion            |       |     2 ||     2
   Stab: Sleeping          |     3 |       ||     3
 Armour: Skin              |    20 |     2 ||    22
  Dodge: Dodged            |    76 |     4 ||    80
